 Dungeon Crawl Stone Soup version 0.28.0-43-g3370ac3207 (webtiles) character file.

Game seed: 10720350137055485321

620 jimonade the Protected (level 7, -3/51 HPs)
             Began as a Gnoll Wanderer on Mar 13, 2022.
             Slain by an ogre
             ... wielding a +0 giant spiked club
              (24 damage)
             ... on level 4 of the Dungeon.
             The game lasted 00:18:04 (6111 turns).

jimonade the Protected (Gnoll Wanderer)             Turns: 6111, Time: 00:18:05

Health: -3/51      AC: 14    Str: 15    XL:     7   Next: 46%
Magic:  15/15      EV:  7    Int:  8    God:
Gold:   169        SH:  5    Dex: 13    Spells: 16/17 levels left

rFire   . . .      SeeInvis .   i - +0 war axe
rCold   . . .      Faith    .   b - +0 buckler
rNeg    . . .      Spirit   .   p - +0 chain mail
rPois   .          Reflect  .   y - +0 helmet
rElec   .          Harm     .   m - scarf {+Inv}
rCorr   .          Rampage  .   (no gloves)
Will    .....                   j - +0 pair of boots
Stlth   ..........              (no amulet)
HPRegen 0.17/turn               (no ring)
MPRegen 0.14/turn               (no ring)

@: no status effects
A: fangs 1, strong nose, distributed training
a: Evoke Invisibility


You were on level 4 of the Dungeon.
You visited 1 branch of the dungeon, and saw 4 of its levels.

You collected 169 gold pieces.

Inventory:

Hand Weapons
 a - a +0 dagger
 e - a +0 hunting sling
 i - a +0 war axe (weapon)
 o - a +0 dagger
Missiles
 f - 39 stones (quivered)
 g - 22 sling bullets
 u - 19 bolts
 x - 3 poisoned darts
 D - 14 arrows
Armour
 b - a +0 buckler (worn)
 c - a +2 scale mail
 j - a +0 pair of boots (worn)
 m - a scarf of invisibility (worn)
 p - a +0 chain mail (worn)
 y - a +0 helmet (worn)
 C - a +0 chain mail
Scrolls
 h - a scroll of vulnerability {unknown}
 k - a scroll of fear {unknown}
 r - 3 scrolls of fog {unknown}
 s - 4 scrolls of identify {unknown}
 t - a scroll of teleportation {unknown}
 v - a scroll of magic mapping {unknown}
 w - a scroll of silence {unknown}
 A - a scroll of enchant armour {unknown}
 B - a scroll of amnesia {unknown}
Potions
 d - 2 potions of attraction {unknown}
 l - a potion of curing {unknown}
 n - a potion of berserk rage {unknown}
 q - 3 potions of might {unknown}
 z - a potion of degeneration {unknown}


   Skills:
 + Level 2.5 Fighting
 + Level 2.5 Short Blades
 + Level 2.5 Long Blades
 + Level 2.5 Axes
 + Level 2.5 Maces & Flails
 + Level 2.5 Polearms
 + Level 2.5 Staves
 + Level 2.5 Slings
 + Level 2.5 Bows
 + Level 2.5 Crossbows
 + Level 3.6 Throwing
 + Level 10.7 Armour
 + Level 2.5 Dodging
 + Level 2.5 Stealth
 + Level 3.6 Shields
 + Level 2.5 Unarmed Combat
 + Level 5.6 Spellcasting
 + Level 2.0 Conjurations
 + Level 3.0 Hexes
 + Level 2.0 Summonings
 + Level 2.0 Necromancy
 + Level 2.0 Translocations
 + Level 2.0 Transmutations
 + Level 2.0 Fire Magic
 + Level 2.0 Ice Magic
 + Level 2.0 Air Magic
 + Level 2.0 Earth Magic
 + Level 2.0 Poison Magic
 + Level 2.8 Invocations
 + Level 2.5 Evocations


You had 16 spell levels left.
You knew the following spells:

 Your Spells              Type           Power      Damage    Failure   Level
a - Slow                  Hex            28%        N/A       73%         1

Your spell library contained the following spells:

 Spells                   Type           Power      Damage    Failure   Level
 Ozocubu's Armour         Ice            5%         N/A       99%         3
 Portal Projectile        Hex/Tloc       12%        N/A       99%         3
 Passage of Golubria      Tloc           5%         N/A       100%        4
 Silence                  Hex/Air        3%         N/A       100%        5
 Ozocubu's Refrigeration  Ice            2%         4d5       100%        7
 Lehudib's Crystal Spear  Conj/Erth      2%         10d2      100%        8


Dungeon Overview and Level Annotations

Branches:
Dungeon (4/15)             Temple (0/1) D:4

Altars:
Ashenzari
Kikubaaqudgha
Vehumet
Xom
Yredelemnul

Shops:
D:2 [[[[[


Innate Abilities, Weirdness & Mutations

You have very sharp teeth.
Your uncanny sense of smell can sniff out nearby items.
Your experience applies equally to all skills.


Message History

Something tries to affect you, but you resist.
You closely miss something. Your bite misses something.
An orc wizard appears from thin air!
Reactivating autopickup.
The orc wizard hits you but does no damage.
The orc wizard gestures at you while chanting.
The puff of flame hits you but does no damage.
You slash the orc wizard!
You kill the orc wizard!
You now have 169 gold pieces (gained 7).
Things that are here:
a +0 dagger; a +0 robe
Things that are here:
a +0 dagger; a +0 robe
There is an escape hatch in the floor here.
An ogre comes into view. It is wielding a +0 giant spiked club.
You throw a stone. The stone hits the ogre.
The ogre is lightly wounded.
You slash the ogre!
The ogre is moderately wounded.
You block the ogre's attack.
You hit the ogre.
The ogre is heavily wounded.
The ogre hits you with a +0 giant spiked club!
You slash the ogre!
The ogre is severely wounded.
You block the ogre's attack.
You barely miss the ogre.
The ogre is severely wounded.
The ogre hits you but does no damage.
You barely miss the ogre.
The ogre is severely wounded.
The ogre hits you with a +0 giant spiked club!!
You hit the ogre.
The ogre is severely wounded.
The ogre closely misses you.
You hit the ogre.
The ogre is almost dead.
The ogre hits you with a +0 giant spiked club!!
You die...

####### ######### ###
......# #....O... ..#
#####># #(# #.# .# #.# #O#
######)# .# #.# #@#
##...##.##### .# #.# #.#
#............ .# #.# #.#
#.>..##.##### .# #.# #.#
#....#.#.## ## #.# #.#
#.##..###.### #.#
#######.####.##.## ##...
#)#
#......#..##.....###.###
#.####.#####.#.####.##.#.##
#.....#............bb##.###


You could see an ogre.

Vanquished Creatures
  An ogre (D:4)
  A scorpion (D:4)
  3 hounds (D:4)
  Jessica (D:3)
  A centaur skeleton (D:4)
  2 iguanas (D:4)
  3 orc wizards
  A hound skeleton (D:4)
  Robin (D:2)
  A gnoll (D:4)
  4 adders
  2 worms
  4 dart slugs
  10 orcs
  5 ball pythons
  5 bats
  3 endoplasms
  5 giant cockroaches
  15 goblins
  8 hobgoblins
  A jackal (D:4)
  6 quokkas
  2 frilled lizards
  10 kobolds
  9 rats
104 creatures vanquished.

Vanquished Creatures (others)
  An orc wizard (D:4)
1 creature vanquished.

Grand Total: 105 creatures vanquished

Notes
Turn   | Place    | Note
-------+----------+-------------------------------------------
     0 | D:1      | Reached skill level 10 in Armour
     0 | D:1      | jimonade the Gnoll Wanderer began the quest for the Orb.
     0 | D:1      | jimonade set off with the following items: a +0 dagger, a
                  | +0 buckler, a +2 scale mail; and the following spell
                  | memorised: Slow; and the following spells available to
                  | memorise: Portal Projectile
     0 | D:1      | Reached XP level 1. HP: 13/13 MP: 6/6
   334 | D:1      | Reached XP level 2. HP: 18/19 MP: 5/7
   725 | D:1      | Found a faded altar of an unknown god.
  1086 | D:1      | Reached XP level 3. HP: 25/25 MP: 9/9
  1092 | D:1      | Reached skill level 5 in Spellcasting
  1628 | D:2      | Found Paxkef's Antique Armour Boutique.
  1629 | D:2      | Found Oficiora's Antique Armour Shop.
  1702 | D:2      | Reached skill level 1 in Invocations
  1723 | D:2      | Found Yhyum's Armour Emporium.
  1789 | D:2      | Found Lijamaol's Antique Armour Boutique.
  1805 | D:2      | Reached skill level 1 in Fighting
  1805 | D:2      | Reached skill level 1 in Short Blades
  1805 | D:2      | Reached skill level 1 in Long Blades
  1805 | D:2      | Reached skill level 1 in Axes
  1805 | D:2      | Reached skill level 1 in Maces & Flails
  1805 | D:2      | Reached skill level 1 in Polearms
  1805 | D:2      | Reached skill level 1 in Staves
  1805 | D:2      | Reached skill level 1 in Slings
  1805 | D:2      | Reached skill level 1 in Bows
  1805 | D:2      | Reached skill level 1 in Crossbows
  1805 | D:2      | Reached skill level 1 in Dodging
  1805 | D:2      | Reached skill level 1 in Stealth
  1805 | D:2      | Reached skill level 1 in Unarmed Combat
  1805 | D:2      | Reached skill level 1 in Evocations
  2193 | D:2      | Found Afuocvy's Armour Shoppe.
  2211 | D:2      | Reached XP level 4. HP: 32/32 MP: 11/11
  2492 | D:2      | Noticed Robin
  2519 | D:2      | Killed Robin
  2890 | D:3      | Reached skill level 1 in Conjurations
  2890 | D:3      | Reached skill level 1 in Summonings
  2890 | D:3      | Reached skill level 1 in Necromancy
  2890 | D:3      | Reached skill level 1 in Translocations
  2890 | D:3      | Reached skill level 1 in Transmutations
  2890 | D:3      | Reached skill level 1 in Fire Magic
  2890 | D:3      | Reached skill level 1 in Ice Magic
  2890 | D:3      | Reached skill level 1 in Air Magic
  2890 | D:3      | Reached skill level 1 in Earth Magic
  2890 | D:3      | Reached skill level 1 in Poison Magic
  2905 | D:3      | Found a basalt altar of Yredelemnul.
  3010 | D:3      | Found a radiant altar of Vehumet.
  3010 | D:3      | Found a shimmering altar of Xom.
  3014 | D:3      | Found an ancient bone altar of Kikubaaqudgha.
  3087 | D:3      | Found a broken altar of Ashenzari.
  3122 | D:3      | Reached XP level 5. HP: 26/37 MP: 12/12
  3501 | D:3      | Noticed Jessica
  3518 | D:3      | Killed Jessica
  4107 | D:4      | Reached XP level 6. HP: 31/44 MP: 13/13
  4886 | D:4      | Found a staircase to the Ecumenical Temple.
  5313 | D:4      | Reached XP level 7. HP: 34/49 MP: 15/15
  6111 | D:4      | Slain by an ogre

Illustrated notes

Levels and vault maps discovered:
D:1:      dpeg_arrival_short_road, layout_basic,
          shapermc_ecumenical_altar_ellora
D:2:      layout_basic, serial_shops, shop_fountains, nicolae_square_shop,
          nicolae_shop_advertising_works [nicolae_subvault_shop_adworks],
          nicolae_shop_hallway_plus, shop, uniq_robin
D:3:      layout_loops_ring, cheibrodos_ashenzari_chains,
          mainiacjoe_overflow_alcove_4, minitemple, uniq_jessica
D:4:      minmay_recursive_quarters, layout_loops_ring,
          minmay_temple_entry_butterflies, cheibrodos_gnoll_hut

Skill      XL: |  1  2  3  4  5  6  7 |
---------------+----------------------+-----
Armour         | | 10.7
Hexes          | 2 3 |  3.0
Spellcasting   | 5 |  5.6
Invocations    | 1 2 |  2.8
Fighting       | 1 2 |  2.5
Short Blades   | 1 2 |  2.5
Long Blades    | 1 2 |  2.5
Axes           | 1 2 |  2.5
Maces & Flails | 1 2 |  2.5
Polearms       | 1 2 |  2.5
Staves         | 1 2 |  2.5
Slings         | 1 2 |  2.5
Bows           | 1 2 |  2.5
Crossbows      | 1 2 |  2.5
Dodging        | 1 2 |  2.5
Stealth        | 1 2 |  2.5
Unarmed Combat | 1 2 |  2.5
Evocations     | 1 2 |  2.5
Conjurations   | 1 2 |  2.0
Summonings     | 1 2 |  2.0
Necromancy     | 1 2 |  2.0
Translocations | 1 2 |  2.0
Transmutations | 1 2 |  2.0
Fire Magic     | 1 2 |  2.0
Ice Magic      | 1 2 |  2.0
Air Magic      | 1 2 |  2.0
Earth Magic    | 1 2 |  2.0
Poison Magic   | 1 2 |  2.0
Throwing       | 3 |  3.6
Shields        | 3 |  3.6

Action                   |  1- 3 |  4- 6 |  7- 9 || total
-------------------------+-------+-------+-------++-------
Melee: Dagger            |    40 |       |       ||    40
       Bite              |    15 |    21 |     9 ||    45
       War axe           |    82 |   234 |    67 ||   383
Throw: Stone             |     7 |    18 |     2 ||    27
 Cast: Slow              |    13 |       |       ||    13
 Abil: Evoke Invisibilit |       |     1 |       ||     1
 Stab: Invisible         |       |     2 |       ||     2
Armor: Scale mail        |    35 |       |       ||    35
       Chain mail        |    56 |   187 |    55 ||   298
Dodge: Dodged            |    42 |    73 |    35 ||   150
Block: Buckler           |    24 |    58 |    24 ||   106
